Map: Катализатор РВ

Players

ƎDǃBee

  • Race: Zerg Zerg
  • League: Grandmaster
  • Spawn Location: 5:00

smokeCT (Strange) - Winner!

  • Race: Protoss Protoss
  • League: Grandmaster
  • Spawn Location: 11:00

VOD

Have the link to the VOD?

Description

Bee vs Strange

Time

  • Played on: March 15, 2018, 6:53 a.m.
  • Length: 13:47
Show
View Real Time Build Order
Export as new Build Order

ƎDǃBee Zerg 

Build Orders: Hatch First 

Get SALT Encoding   

  12  0:00  Drone  
  13  0:12  Overlord  
  13  0:17  Drone  
  14  0:30  Drone x2  
  14  0:34  Drone  
  17  0:52  Hatchery  
  17  0:54  Drone  
  17  0:57  Drone  
  17  0:59  Extractor  
  17  1:12  Spawning Pool  
  17  1:15  Drone  
  17  1:20  Drone  
  18  1:28  Drone  
  19  1:58  Metabolic Boost  
  19  1:59  Zergling x4  
  19  2:00  Zergling x2  
  22  2:03  Queen x2  
  22  2:04  Zergling x2  
  27  2:10  Overlord  
  27  2:14  Zergling x2  
  28  2:18  Evolution Chamber  
  28  2:21  Zergling x2  
  28  2:27  Overlord  
  28  2:32  Zergling x2  
  28  2:36  Zergling x2  
  30  2:42  Zergling x2  
  31  2:47  Zergling x2  
  32  2:53  Zergling x2  
  32  2:58  Zergling x2  
  34  3:04  Zergling x2  
  34  3:09  Zergling x2  
  34  3:12  Zergling x12  
  40  3:19  Zergling x2  
  41  3:24  Zergling x2  
  41  3:28  Zergling x2  
  41  3:32  Zergling x2  
  42  3:39  Zergling x2  
  43  3:45  Zergling x2  
  43  3:46  Zergling x2  
  41  3:52  Zergling x4  
  41  3:54  Zergling x4  
  39  3:56  Zergling x2  
  39  3:57  Zergling x2  
  36  4:03  Zergling x2  
  36  4:04  Zergling x2  
  35  4:15  Zergling x4  
  35  4:24  Zergling x2  
  35  4:26  Zergling x2  
  35  4:33  Zergling x6  
  35  4:34  Zergling x6  
  35  4:36  Overlord  
  41  4:41  Overlord  
  40  4:47  Zergling x2  
  40  4:50  Zergling x2  
  39  4:57  Zergling x2  
  35  5:01  Zergling x2  
  35  5:02  Zergling x6  
  35  5:04  Zergling x2  
  38  5:07  Zergling x2  
  38  5:13  Zergling x2  
  40  5:18  Drone x2  
  40  5:24  Drone x2  
  42  5:31  Zerg Melee Weapons Level 1  
  42  5:33  Drone x2  
  44  5:39  Overlord  
  44  5:57  Hatchery  
  44  5:59  Drone  
  44  6:00  Drone  
  45  6:07  Drone x3  
  48  6:13  Drone x2  
  48  6:14  Drone  
  48  6:18  Pneumatized Carapace  
  51  6:21  Extractor  
  51  6:22  Drone  
  51  6:24  Drone  
  52  6:29  Drone  
  52  6:31  Drone  
  52  6:32  Drone  
  55  6:34  Drone  
  55  6:38  Overlord  
  56  6:44  Baneling Nest  
  56  6:45  Drone  
  56  6:46  Drone  
  57  6:51  Overlord  
  57  6:54  Overlord  
  57  7:01  Drone x4  
  61  7:10  Zergling x6  
  61  7:13  Zergling x8  
  68  7:18  Zergling x2  
  68  7:22  Zergling x4  
  71  7:26  Lair  
  71  7:29  Queen  
  71  7:30  Drone  
  71  7:34  Drone x3  
  71  7:36  Drone  
  78  7:43  Drone  
  78  7:44  Overlord x2  
  79  7:47  Baneling x4  
  79  7:48  Baneling x2  
  79  7:52  Drone  
  79  7:54  Queen  
  79  7:58  Overlord  
  82  7:59  Overlord  
  82  8:02  Drone  
  83  8:06  Drone x4  
  83  8:11  Queen  
  89  8:19  Drone, Spore Crawler  
  90  8:20  Drone x2, Spine Crawler  
  90  8:22  Spore Crawler  
  90  8:23  Spine Crawler  
  88  8:28  Spore Crawler  
  88  8:29  Spine Crawler  
  88  8:30  Drone  
  88  8:31  Drone  
  88  8:35  Drone x3  
  88  8:40  Centrifical Hooks  
  90  8:45  Drone x2  
  90  8:46  Hydralisk Den  
  90  8:47  Drone x2  
  93  8:58  Drone  
  93  8:59  Drone x6, Extractor  
  93  9:00  Extractor  
  93  9:01  Drone  
  93  9:02  Extractor  
  98  9:03  Extractor  
  98  9:06  Drone  
  97  9:12  Baneling  
  97  9:13  Baneling x9  
  97  9:21  Zergling x8  
  97  9:22  Overlord x3, Zergling x2  
  101  9:38  Muscular Augments, Zerg Melee Weapons Level 2  
  100  9:42  Hydralisk x2  
  100  9:43  Zergling x2  
  105  9:46  Zergling x4  
  105  9:47  Zergling x2  
  109  9:52  Zergling x2  
  109  9:53  Zergling x4  
  109  9:54  Hatchery  
  109  9:55  Zergling x4  
  112  10:01  Hydralisk, Zergling x2  
  112  10:02  Zergling x4  
  115  10:07  Hydralisk x2  
  115  10:11  Hydralisk x2  
  123  10:21  Hydralisk x4  
  123  10:24  Hydralisk  
  123  10:26  Hydralisk  
  134  10:30  Hydralisk  
  136  10:35  Hydralisk x2  
  136  10:36  Hydralisk  
  136  10:40  Overlord  
  136  10:42  Overlord  
  142  10:49  Overseer x2  
  142  10:50  Overseer  
  142  10:52  Hydralisk  
  144  11:02  Hydralisk x3  
  144  11:03  Hydralisk  
  146  11:04  Zergling x6  
  146  11:06  Zergling x2  
  146  11:07  Zergling x2  
  140  11:14  Hydralisk  
  140  11:15  Hydralisk x2  
  140  11:22  Overlord x2  
  140  11:23  Zergling x4  
  139  11:27  Baneling  
  139  11:28  Baneling x7  
  139  11:32  Zergling x2  
  139  11:33  Overlord, Zergling x2  
  139  11:36  Overlord  
  140  11:55  Hydralisk x8  
  156  12:01  Zergling x2  
  156  12:02  Zergling x2  
  156  12:08  Zergling x4  
  156  12:09  Zergling x2  
  156  12:10  Overlord x2  
  150  12:17  Zergling x2  
  150  12:18  Zergling x12  
  150  12:20  Zergling x2  
  154  12:27  Hydralisk x2  
  154  12:28  Hydralisk  
  158  12:40  Hydralisk  
  158  12:41  Hydralisk  
  162  12:45  Baneling x7  
  162  12:46  Baneling x6  
  162  12:48  Hydralisk  
  164  12:53  Hydralisk x2  
  164  12:56  Baneling  
  164  12:57  Baneling x5  
  159  13:24  Overlord  
  159  13:25  Overlord x2  
Show
View Real Time Build Order
Export as new Build Order

smokeCT Protoss - Winner!

Build Orders: 1 Gate Expand 

Get SALT Encoding   

  12  0:00  Probe  
  13  0:12  Probe  
  14  0:20  Pylon  
  14  0:25  Probe  
  15  0:38  Probe (Chrono Boost)  
  15  0:39  Gateway  
  16  0:47  Probe (Chrono Boost)  
  16  0:48  Assimilator  
  17  0:52  Probe (Chrono Boost)  
  18  1:04  Probe  
  19  1:16  Probe  
  20  1:25  Nexus  
  20  1:34  Cybernetics Core  
  20  1:37  Probe  
  21  1:42  Assimilator  
  21  1:49  Probe  
  21  1:52  Pylon  
  22  2:01  Probe  
  23  2:09  Adept (Chrono Boost)  
  23  2:12  Warp Gate  
  23  2:14  Probe  
  26  2:26  Probe  
  26  2:28  Adept (Chrono Boost), Gateway  
  29  2:37  Shield Battery  
  29  2:48  Shield Battery  
  29  2:50  Shield Battery  
  29  2:54  Adept (Chrono Boost)  
  29  3:18  Adept (Chrono Boost)  
  31  3:21  Adept (Chrono Boost)  
  33  3:40  Adept (Chrono Boost)  
  32  3:51  Probe x2  
  25  4:03  Probe  
  23  4:18  Stalker  
  25  4:37  Adept  
  27  4:45  Adept  
  23  5:01  Adept  
  23  5:06  Adept  
  25  5:07  Probe (Chrono Boost)  
  25  5:11  Probe (Chrono Boost)  
  27  5:19  Probe (Chrono Boost)  
  27  5:21  Probe (Chrono Boost)  
  29  5:24  Probe (Chrono Boost)  
  30  5:35  Probe (Chrono Boost)  
  32  5:39  Probe (Chrono Boost)  
  32  5:46  Probe (Chrono Boost)  
  32  5:48  Probe (Chrono Boost)  
  32  5:49  Robotics Facility  
  34  5:55  Probe (Chrono Boost)  
  35  6:00  Probe (Chrono Boost)  
  35  6:02  Probe  
  35  6:03  Sentry  
  39  6:12  Probe  
  39  6:15  Probe  
  39  6:16  Pylon  
  40  6:24  Probe  
  41  6:28  Probe (Chrono Boost)  
  41  6:30  Forge  
  42  6:36  Observer, Probe (Chrono Boost)  
  45  6:43  Pylon  
  45  6:45  Probe x2 (Chrono Boost)  
  46  6:50  Probe (Chrono Boost)  
  46  6:51  Probe  
  46  6:53  Pylon  
  48  7:00  Protoss Ground Weapons Level 1 (Chrono Boost)  
  48  7:02  Probe  
  48  7:03  Probe  
  50  7:11  Robotics Bay  
  50  7:14  Probe  
  50  7:15  Probe  
  52  7:16  Stalker  
  52  7:19  Stalker  
  56  7:26  Probe  
  56  7:27  Probe  
  58  7:34  Assimilator  
  58  7:38  Assimilator  
  58  7:39  Probe x2  
  58  7:42  Stalker  
  62  7:48  Pylon  
  62  7:51  Probe x2  
  64  8:01  Colossus  
  64  8:04  Pylon  
  70  8:06  Pylon, Probe x2  
  72  8:16  Photon Cannon  
  72  8:18  Probe  
  73  8:20  Zealot  
  73  8:23  Zealot  
  77  8:30  Extended Thermal Lance  
  77  8:38  Gateway x2  
  77  8:42  Protoss Ground Armor Level 1 (Chrono Boost)  
  77  8:43  Pylon  
  77  8:55  Colossus (Chrono Boost)  
  83  9:07  Nexus  
  83  9:08  Shield Battery  
  83  9:16  Probe  
  83  9:17  Probe  
  85  9:28  Probe  
  85  9:29  Probe  
  87  9:33  Sentry x2  
  90  9:38  Pylon  
  90  9:40  Twilight Council, Warp Prism (Chrono Boost)  
  90  9:41  Probe x2  
  94  9:53  Probe x2  
  94  9:55  Gateway  
  94  9:57  Gateway x2  
  96  10:01  Gateway  
  96  10:05  Probe x2  
  98  10:13  Sentry x2, Blink (Chrono Boost)  
  98  10:14  Stalker x2  
  106  10:25  Colossus (Chrono Boost)  
  106  10:27  Protoss Ground Weapons Level 2 (Chrono Boost)  
  112  10:35  Assimilator  
  112  10:40  Assimilator  
  112  10:42  Pylon  
  112  10:47  Probe x2  
  112  10:48  Probe  
  115  10:50  Stalker  
  117  10:59  Probe x2  
  115  11:06  Colossus (Chrono Boost)  
  115  11:10  Stalker, Zealot x2  
  107  11:25  Photon Cannon  
  107  11:30  Stalker x6  
  119  11:45  Pylon  
  119  11:46  Sentry  
  119  11:47  Sentry, Pylon  
  123  11:48  Colossus (Chrono Boost)  
  129  11:57  Shield Battery  
  129  11:59  Shield Battery  
  129  12:04  Sentry  
  129  12:05  Sentry x2  
  129  12:06  Zealot x3  
  132  12:17  Zealot x2  
  132  12:22  Probe x3  
  109  12:34  Sentry x3, Probe  
  118  12:39  Sentry  
  118  12:42  Zealot  
  121  12:52  Probe (Chrono Boost)  
  121  12:54  Probe (Chrono Boost)  
  122  13:04  Probe (Chrono Boost)  
  124  13:06  Probe (Chrono Boost)  
  102  13:27  Sentry x4  
  102  13:28  Sentry x2  
  102  13:30  Zealot  
  102  13:31  Zealot  
Tags
 
Add a new tag
Caveats
  • Supply blocks, unpowered buildings, or Contaminate may cause inaccurate times.
  • Supply counts are checked every 10 seconds.